 Dungeon Crawl Stone Soup version 0.28.0-1-gb440e238dd (webtiles) character file.

Game seed: 12877466806581737916

18233 themarg the Cleaver (level 12, -1/110 HPs)
             Began as a Minotaur Berserker on Feb 20, 2022.
             Was an Elder of Trog.
             Constricted to death by a naga (2 damage)
             ... on level 3 of the Lair of Beasts.
             The game lasted 00:39:54 (15651 turns).

themarg the Cleaver (Minotaur Berserker)           Turns: 15651, Time: 00:39:55

Health: -1/110     AC: 16    Str: 27    XL:     12   Next: 25%
Magic:  11/11      EV:  7    Int:  4    God:    Trog [****..]
Gold:   620        SH:  5    Dex: 10    Spells: 11/11 levels left

rFire   . . .      SeeInvis .   a - +5 morningstar
rCold   + . .      Faith    .   f - +0 buckler
rNeg    . . .      Spirit   .   k - +0 chain mail
rPois   +          Reflect  .   H - +2 hat
rElec   .          Harm     .   (no cloak)
rCorr   .          Rampage  .   A - +0 pair of gloves
Will    .....                   (no boots)
Stlth   ..........              F - amulet of the acrobat
HPRegen 0.28/turn               e - ring of protection from cold
MPRegen 0.12/turn               o - ring of poison resistance

@: on berserk cooldown, slowed, constricted, very slow
A: horns 2, retaliatory headbutt
a: Renounce Religion, Berserk, Trog's Hand, Brothers in Arms


You were on level 3 of the Lair of Beasts.
You worshipped Trog.
Trog was greatly pleased with you.
You visited 2 branches of the dungeon, and saw 12 of its levels.

You collected 620 gold pieces.

Inventory:

Hand Weapons
 a - a +5 morningstar (weapon)
 b - a +3 hand axe
 L - a +3 battleaxe
Missiles
 h - 187 stones (quivered)
 t - 4 throwing nets
Armour
 f - a +0 buckler (worn)
 k - a +0 chain mail (worn)
 A - a +0 pair of gloves (worn)
 H - a +2 hat (worn)
 O - a +0 plate armour
Jewellery
 e - a ring of protection from cold (left hand)
 n - a ring of magical power
 o - a ring of poison resistance (right hand)
 p - a ring of flight
 F - an amulet of the acrobat (around neck)
Wands
 u - a wand of flame (33)
 x - a wand of polymorph (11)
 y - a wand of digging (8)
 G - a wand of mindburst (6)
 I - a wand of iceblast (8)
 Q - a wand of charming (4)
Scrolls
 d - 2 scrolls of brand weapon {unknown}
 g - a scroll of magic mapping {unknown}
 j - 3 scrolls of noise
 l - 2 scrolls of enchant armour
 m - 6 scrolls of teleportation
 q - a scroll of holy word {unknown}
 r - 2 scrolls of fog {unknown}
 w - a scroll of amnesia {unknown}
 E - 2 scrolls of blinking {unknown}
 M - 3 scrolls of fear
 N - 2 scrolls of torment {unknown}
Potions
 c - a potion of brilliance
 i - 3 potions of attraction
 s - 2 potions of ambrosia
 v - 2 potions of heal wounds
 z - a potion of berserk rage
 B - 2 potions of lignification
 C - 5 potions of curing
 D - 5 potions of haste
 J - a potion of might {unknown}
 K - 3 potions of flight
 P - a potion of resistance {unknown}
 R - a potion of degeneration {unknown}


   Skills:
 + Level 11.3 Fighting
 + Level 14.9(15.0) Axes
 + Level 3.0(10.2) Maces & Flails
 + Level 13.1 Armour
 + Level 6.0 Dodging
 + Level 2.7 Stealth
 + Level 5.4 Shields


You had 11 spell levels left.
You didn't know any spells.
Your spell library was empty.

Dungeon Overview and Level Annotations

Branches:
Dungeon (9/15)             Temple (0/1) D:5            Lair (3/6) D:9
 Shoals (0/4) Lair:2        Snake (0/4) Lair:3
    Orc: D:9-12

Altars:
Ashenzari
Cheibriados
Dithmenos
Fedhas
Hepliaklqana
Kikubaaqudgha
Ru
Sif Muna
Uskayaw
Vehumet
Yredelemnul

Shops:
D:5 *

Annotations:
D:9 exclusion: statue


Innate Abilities, Weirdness & Mutations

You have a pair of horns on your head.
You reflexively headbutt those who attack you in melee.


Message History

You resist. The naga hits you with a +0 mace! The naga constricts you.
You hit the naga.
The naga is severely wounded.
The naga loses its grip on you. The naga completely misses you.
The naga closely misses you. The naga hits you but does no damage.
The naga grabs you. The naga constricts you.
You bludgeon the six-headed hydra!!
The six-headed hydra is moderately wounded.
The six-headed hydra bites you.
The six-headed hydra bites you but does no damage.
The six-headed hydra bites you.
You block the six-headed hydra's attack.
The six-headed hydra bites you.
You block the six-headed hydra's attack.
The naga barely misses you. You furiously retaliate!
You headbutt the naga! The naga constricts you.
The six-headed hydra barely misses you.
The six-headed hydra bites you but does no damage. x2
The six-headed hydra closely misses you.
The six-headed hydra barely misses you.
The six-headed hydra bites you but does no damage.
You puncture the six-headed hydra!
Your headbutt misses the six-headed hydra.
The six-headed hydra is heavily wounded.
The naga hits you with a +0 battleaxe!!
* * * LOW HITPOINT WARNING * * *
The naga constricts you.
* * * LOW HITPOINT WARNING * * *
The naga spits poison at you. The splash of poison hits you. You resist.
* * * LOW HITPOINT WARNING * * *
The six-headed hydra bites you but does no damage.
The six-headed hydra bites you.
* * * LOW HITPOINT WARNING * * *
The six-headed hydra bites you but does no damage. x3
The six-headed hydra bites you!
* * * LOW HITPOINT WARNING * * *
The naga hits you with a +0 battleaxe.
* * * LOW HITPOINT WARNING * * *
The naga constricts you.
You die...

.............
...............#
...............#
#P.............#
#............#
##...###.....)###
.......#..).....###
......N#...)...##.#
......D@........#.#####
...>..N...........#...#
.......)........>....##
.......#..............##
.......#................
##...###.......##.......
#... .........P##....#.
###. ........P........P
#....#...........


You could see a six-headed hydra and 2 nagas.

Vanquished Creatures
  Fannar (Lair:3)
  A hydra (Lair:1)
  A two-headed ogre (D:6)
  Erica (D:9)
  Nergalle (Lair:2)
  4 cane toads
  A black mamba (Lair:2)
  3 komodo dragons
  3 rime drakes
  A polar bear (D:8)
  8 blink frogs
  25 yaks
  3 wyverns
  4 basilisks
  Menkaure (D:5)
  8 water moccasins
  2 nagas (Lair:3)
  2 orc warriors
  4 black bears
  2 ogres
  7 ice beasts
  3 necrophages (D:6)
  A wolf (D:9)
  10 centaurs
  A phantom (D:6)
  7 bullfrogs
  A wyvern zombie (D:6)
  3 scorpions
  A water moccasin zombie (D:6)
  A water moccasin skeleton (D:6)
  14 wights
  2 electric eels (D:9)
  3 bullfrog zombies (D:6)
  A centaur zombie (D:7)
  A human zombie (D:6)
  A jelly (D:6)
  A hound (D:5)
  A centaur skeleton (D:6)
  An orc priest (D:7)
  2 bullfrog skeletons
  A gnoll shaman (D:5)
  3 iguanas
  Ijyb (D:5)
  6 orc wizards
  A killer bee zombie (D:9)
  2 centaur simulacra (D:9)
  3 hound skeletons (D:4)
  3 mummies (D:6)
  A killer bee simulacrum (D:9)
  7 adders
  7 gnolls
  A shadow imp (D:6)
  4 white imps
  A howler monkey simulacrum (D:9)
  An ufetubus (D:6)
  2 worms (D:2)
  4 dart slugs
  17 orcs
  3 endoplasms
  A giant cockroach (D:2)
  5 goblins
  8 hobgoblins
  5 jackals
  4 quokkas
  5 ball pythons
  3 bats (D:1)
  3 frilled lizards
  8 kobolds
  6 rats
254 creatures vanquished.

Vanquished Creatures (others)
  A white imp (D:9)
  3 fungi
  20 plants
24 creatures vanquished.

Grand Total: 278 creatures vanquished

Notes
Turn   | Place    | Note
-------+----------+-------------------------------------------
     0 | D:1      | themarg the Minotaur Berserker began the quest for the Orb.
     0 | D:1      | Reached XP level 1. HP: 19/19 MP: 0/0
   379 | D:1      | Reached XP level 2. HP: 19/27 MP: 1/1
   732 | D:1      | Reached skill level 4 in Axes
   953 | D:2      | Reached XP level 3. HP: 25/33 MP: 2/2
  1256 | D:2      | Found a shadowy altar of Dithmenos.
  1270 | D:2      | Reached ** piety under Trog
  1720 | D:2      | Reached XP level 4. HP: 35/41 MP: 3/3
  2381 | D:3      | You fall into a shaft and drop 2 floors!
  2381 | D:5      | Entered Level 5 of the Dungeon
  2407 | D:5      | Found a staircase to the Ecumenical Temple.
  2427 | D:5      | Found Ponaika's Fire Supplies.
  2501 | D:5      | Found a basalt altar of Yredelemnul.
  2503 | D:5      | Found a sacrificial altar of Ru.
  2543 | D:4      | Reached skill level 5 in Axes
  2640 | D:3      | Reached XP level 5. HP: 47/47 MP: 4/4
  2643 | D:3      | Reached skill level 1 in Stealth
  2765 | D:3      | Found a shadowy altar of Dithmenos.
  3337 | D:4      | Noticed an ogre
  3345 | D:4      | Killed an ogre
  3346 | D:4      | Reached skill level 6 in Axes
  3346 | D:4      | Reached skill level 1 in Shields
  3346 | D:4      | Reached XP level 6. HP: 55/55 MP: 5/5
  4083 | D:4      | Reached skill level 5 in Fighting
  4302 | D:5      | Noticed Menkaure
  4307 | D:5      | Killed Menkaure
  4308 | D:5      | Reached skill level 7 in Axes
  4308 | D:5      | Reached XP level 7. HP: 61/61 MP: 6/6
  4994 | D:5      | Reached skill level 8 in Axes
  5320 | D:5      | Reached XP level 8. HP: 62/70 MP: 7/7
  5502 | D:5      | Found a blossoming altar of Fedhas.
  5573 | D:5      | Noticed Ijyb
  5582 | D:5      | Killed Ijyb
  5673 | D:6      | Reached skill level 5 in Armour
  5788 | D:6      | Reached *** piety under Trog
  5987 | D:6      | Reached skill level 9 in Axes
  6216 | D:6      | Found a shimmering blue altar of Sif Muna.
  6334 | D:6      | Noticed a two-headed ogre
  6342 | D:6      | Killed a two-headed ogre
  6343 | D:6      | Reached skill level 10 in Axes
  6343 | D:6      | Reached XP level 9. HP: 77/78 MP: 8/8
  6522 | D:6      | Found an ancient bone altar of Kikubaaqudgha.
  6858 | D:6      | Reached skill level 5 in Dodging
  7441 | D:7      | Reached skill level 11 in Axes
  7979 | D:7      | Found a broken altar of Ashenzari.
  7983 | D:7      | Saw a vision of the Shoals and the Snake Pit.
  7983 | D:7      | Noticed a naga mage
  7983 | D:7      | Noticed a merfolk siren
  7983 | D:7      | Noticed a wind drake
  7983 | D:7      | Noticed a shock serpent
  7983 | D:7      | Noticed a merfolk
  7983 | D:7      | Noticed a naga sharpshooter
  7983 | D:7      | Noticed a black mamba
  7983 | D:7      | Noticed a shock serpent
  7983 | D:7      | Noticed a merfolk
  7983 | D:7      | Noticed a merfolk
  7983 | D:7      | Noticed a merfolk
  7983 | D:7      | Noticed a shock serpent
  7983 | D:7      | Noticed an anaconda
  7983 | D:7      | Noticed an anaconda
  7983 | D:7      | Noticed a sea snake
  7984 | D:7      | Noticed a black mamba
  7986 | D:7      | Noticed a black mamba
  8105 | D:7      | Found a snail-covered altar of Cheibriados.
  9365 | D:9      | Noticed a polar bear
  9372 | D:9      | Reached XP level 10. HP: 85/88 MP: 9/9
 10428 | D:9      | Reached **** piety under Trog
 10501 | D:9      | Reached skill level 12 in Axes
 10501 | D:9      | Reached skill level 10 in Armour
 10678 | D:9      | Found a staircase to the Lair.
 10828 | D:9      | Found a radiant altar of Vehumet.
 11348 | D:9      | Noticed Erica
 11366 | D:9      | Killed Erica
 11515 | D:9      | Found a hide-covered altar of Uskayaw.
 11535 | D:9      | Found a hazy altar of Hepliaklqana.
 11710 | D:9      | Reached XP level 11. HP: 77/97 MP: 10/10
 12161 | Lair:1   | Entered Level 1 of the Lair of Beasts
 12173 | Lair:1   | Reached skill level 13 in Axes
 12234 | Lair:1   | Noticed a four-headed hydra
 12375 | Lair:1   | Killed a four-headed hydra
 12620 | Lair:1   | Reached skill level 1 in Maces & Flails
 13308 | Lair:1   | Reached skill level 10 in Fighting
 13490 | Lair:1   | Reached skill level 14 in Axes
 13974 | Lair:2   | Reached skill level 5 in Shields
 14739 | Lair:2   | Noticed Nergalle
 14753 | Lair:2   | Killed Nergalle
 14754 | Lair:2   | Reached XP level 12. HP: 108/108 MP: 11/11
 14993 | Lair:2   | Found a staircase to the Shoals.
 15612 | Lair:3   | Noticed Fannar
 15629 | Lair:3   | Killed Fannar
 15638 | Lair:3   | Found a staircase to the Snake Pit.
 15644 | Lair:3   | Noticed a six-headed hydra
 15651 | Lair:3   | HP: 2/110 [six-headed hydra (7)]
 15651 | Lair:3   | Constricted to death by a naga

Illustrated notes

Levels and vault maps discovered:
D:1:      minmay_arrival_widening_spiral_wide, layout_rooms,
          chequers_serial_rivers_room_b, minmay_misc_feat_chi
D:2:      layout_basic, basic_altar, dk_noncrumbling_4
D:3:      layout_basic, nicolae_dithmenos_through_a_glass_darkly,
          guppyfry_early_lair_pool
D:4:      minmay_chambers_of_fours, layout_cave_pods
D:5:      layout_basic, mainiacjoe_overflow_catwalk_spiral, fedhas_altar_3,
          minmay_temple_entry_wispy, nicolae_shop_fire_sale
          [nicolae_sub_dead_trees], uniq_ijyb, uniq_menkaure
D:6:      layout_loops_cross, lemuel_mausoleum_altar_kikubaaqudgha,
          lemuel_tele_altar, minmay_bent
D:7:      layout_rooms, lemuel_doored_altar, grunt_ashenzari_visionary
          [grunt_ashenzari_visionary_shoals, grunt_ashenzari_visionary_snake],
          minivault_1
D:8:      layout_gridville
D:9:      layout_loops_ring, nicolae_uskayaw_murder_on_the_dancefloor,
          mainiacjoe_overflow_brackets, vehumet_statue, minmay_lair_entry_grove,
          serial_ice, serial_ice_d, serial_ice_c, serial_ice_o, serial_ice_j,
          serial_ice_h, serial_ice_g, serial_ice_n, serial_ice_a, serial_ice_e,
          serial_ice_b, minmay_misc_feat_nine_boxes,
          ebering_dispersal_statue_hall, nrook_mini_backslash,
          chequers_serial_rivers_micro_e, uniq_erica
Lair:1:   layout_gridlike
Lair:2:   layout_cellular_growth, minmay_shoals_entry_centaurs, uniq_nergalle
Lair:3:   layout_gridlike, minmay_snake_entry_guardpost_small,
          ebering_ghost_inner_flame, grunt_megastairs_2, uniq_fannar

Skill      XL: |  1  2  3  4  5  6  7  8  9 10 11 12 |
---------------+-------------------------------------+-----
Fighting       | 4 5 6 8 9 10 11 | 11.3
Axes           | 4 5 6 7 8 10 11 12 14 | 14.9
Dodging        | 3 4 5 6 |  6.0
Stealth        | 1 2 |  2.7
Shields        | 1 2 4 5 |  5.4
Armour         | 3 4 7 8 11 12 13 | 13.1
Maces & Flails | 3 |  3.0

Action                   |  1- 3 |  4- 6 |  7- 9 | 10-12 || total
-------------------------+-------+-------+-------+-------++-------
Melee: Hand axe          |    87 |    97 |   341 |   417 ||   942
       Headbutt          |    13 |    14 |    65 |    75 ||   167
       Morningstar       |       |       |       |     8 ||     8
Invok: Berserk           |     1 |     3 |     9 |    18 ||    31
  Use: Scroll            |       |     5 |     1 |     6 ||    12
       Potion            |       |       |     1 |     1 ||     2
 Stab: Sleeping          |     1 |     2 |       |       ||     3
Armor: Animal skin       |    10 |     3 |       |       ||    13
       Chain mail        |       |    18 |   140 |   156 ||   314
Dodge: Dodged            |    50 |    33 |   120 |   146 ||   349
Block: Buckler           |     8 |    22 |    36 |    60 ||   126
